 Dungeon Crawl Stone Soup version 0.22.1-2-g9c5b331 (webtiles) character file.

287 dvd the Chopper (level 6, -3/32 HPs)
             Began as a Vine Stalker Fighter on Jan 5, 2019.
             Was an Initiate of Makhleb.
             Killed from afar by an orc wizard (6 damage)
             ... with a magic dart
             ... on level 4 of the Dungeon.
             The game lasted 00:06:30 (2591 turns).

dvd the Chopper (Vine Stalker Fighter)              Turns: 2591, Time: 00:06:30

Health: -3/32      AC:  7    Str: 19    XL:     6   Next: 30%
Magic:  0/7        EV:  7    Int:  9    God:    Makhleb [......]
Gold:   180        SH:  9    Dex: 14    Spells: 6/6 levels left

rFire    . . .     SeeInvis .   a - +0 war axe
rCold    + . .     Gourm    .   c - +0 shield
rNeg     . . .     Faith    .   b - +0 scale mail
rPois    .         Spirit   +   A - +1 hat
rElec    .         Reflect  .   (no cloak)
rCorr    .         Harm     .   (no gloves)
MR       .....                  (no boots)
Stlth    ..........             (no amulet)
HPRegen  0.50/turn              r - ring of protection from cold
MPRegen  0.10/turn              v - ring of flight

@: no status effects
A: fangs 2, regeneration 1, magic shield, antimagic bite, no potion heal 3, rot
immunity
a: Renounce Religion, Evoke Flight


You were on level 4 of the Dungeon.
You worshipped Makhleb.
Makhleb was noncommittal.
You were hungry.

You visited 1 branch of the dungeon, and saw 4 of its levels.

You collected 180 gold pieces.

Inventory:

Hand Weapons
 a - a +0 war axe (weapon)
 k - a +0 mace of holy wrath
 u - a +0 long sword
 y - a +0 blowgun
Missiles
 z - 10 poisoned needles
Armour
 b - a +0 scale mail (worn)
 c - a +0 shield (worn)
 A - a +1 hat (worn)
Jewellery
 r - a ring of protection from cold (left hand)
 v - a ring of flight (right hand)
 C - an uncursed ring of fire
Wands
 D - a wand of acid (9)
Scrolls
 e - a scroll of random uselessness {unknown}
 g - 2 scrolls of enchant weapon {unknown}
 i - a scroll of amnesia {unknown}
 o - a scroll of enchant armour {unknown}
 p - 5 scrolls of remove curse {unknown}
 t - 3 scrolls of teleportation {unknown}
 w - 6 scrolls of identify {unknown}
 x - 2 scrolls of immolation {unknown}
Potions
 d - a potion of might
 h - a potion of lignification
 j - a potion of heal wounds {unknown}
 m - a potion of mutation {unknown}
 n - 3 potions of curing {unknown}
 q - a potion of degeneration {unknown}
 s - a potion of flight {unknown}
 B - a potion of haste {unknown}
 E - a potion of ambrosia {unknown}
Comestibles
 f - 4 rations


   Skills:
 + Level 3.5 Fighting
 + Level 4.2 Axes
 + Level 3.2 Armour
 + Level 0.2 Dodging
 + Level 0.3 Stealth
 + Level 3.3 Shields
 + Level 0.5 Spellcasting


You had 6 spell levels left.
You didn't know any spells.
Your spell library was empty.

Dungeon Overview and Level Annotations

Branches:
Dungeon (4/15)
 Temple: D:4-7

Altars:
Elyvilon
Kikubaaqudgha
Makhleb


Innate Abilities, Weirdness & Mutations

You have extremely sharp teeth.
Your natural rate of healing is unusually fast.
When hurt, damage is shared between your health and your magic reserves.
Your bite disrupts and absorbs the magic of your enemies.
Potions cannot restore your health.
You are immune to rotting.


Message History

Pain shoots through your body!
* * * LOW HITPOINT WARNING * * *
The orc wizard hits you with a dagger.
* * * LOW HITPOINT WARNING * * *
You barely miss the orc priest. You bite the orc priest.
You kill the orc priest!
Makhleb accepts your kill.
You closely miss the orc wizard.
The orc wizard hits you but does no damage.
Unknown command.
You hit the orc wizard but do no damage.
Your bite misses the orc wizard.
The orc wizard casts a spell.
The orc wizard flickers and vanishes!
Deactivating autopickup; reactivate with Ctrl-A.
A scorpion comes into view.
You hear some strange, mumbled words.
A magic dart appears from out of thin air!
The magic dart hits you!
You die...

........#.............
.........#........8....
....8....#.........P...
#........#...##...####.
#........#...##...#
#........#....#.....
#........#....#......
#$.......')){.# .....
#........##@###
###.....##.o#
#.....#....#
#.....+....#
#.....#....#
#.....#....#
#.....#.#### ..######s
... ..


You could see a scorpion (wandering) and an orc.

Vanquished Creatures
  A phantom (D:4)
  2 orc priests (D:4)
  A howler monkey zombie (D:4)
  5 adders
  An ooze (D:3)
  An adder zombie (D:4)
  3 worms
  2 dart slugs (D:1)
  3 leopard geckos
  6 orcs
  10 goblins
  4 hobgoblins
  4 kobolds
  2 bats
  6 frilled lizards
  A jackal skeleton (D:4)
  A leopard gecko skeleton (D:4)
  5 rats
58 creatures vanquished.

Notes
Turn   | Place    | Note
-------+----------+-------------------------------------------
     0 | D:1      | dvd the Vine Stalker Fighter began the quest for the Orb.
     0 | D:1      | Reached XP level 1. HP: 11/11 MP: 2/2
   243 | D:1      | Reached XP level 2. HP: 16/16 MP: 3/3
   438 | D:1      | Reached skill level 2 in Axes
   802 | D:1      | Reached XP level 3. HP: 20/20 MP: 4/4
  1488 | D:2      | Gained mutation: Your natural rate of healing is unusually
                  | fast. [Vine Stalker growth]
  1488 | D:2      | Reached XP level 4. HP: 14/24 MP: 5/5
  1788 | D:3      | Found an ancient bone altar of Kikubaaqudgha.
  1888 | D:3      | Found a white marble altar of Elyvilon.
  1971 | D:3      | Reached skill level 3 in Axes
  2113 | D:3      | Found a burning altar of Makhleb.
  2131 | D:3      | Became a worshipper of Makhleb the Destroyer
  2278 | D:3      | Reached XP level 5. HP: 28/28 MP: 6/6
  2464 | D:4      | Noticed a phantom
  2510 | D:4      | Killed a phantom
  2557 | D:4      | Reached XP level 6. HP: 16/32 MP: 5/7
  2588 | D:4      | Reached skill level 4 in Axes
  2589 | D:4      | HP: 1/32 [orc wizard/dagger (1)]
  2591 | D:4      | Killed from afar by an orc wizard

Skill      XL: |  1  2  3  4  5  6 |
---------------+-------------------+-----
Axes           | 2 3 4 |  4.2
Fighting       | 3 |  3.5
Shields        | 3 |  3.3
Armour         | 3 |  3.2
Dodging        | |  0.2
Stealth        | |  0.3
Spellcasting   | |  0.5

Action                   |  1- 3 |  4- 6 || total
-------------------------+-------+-------++-------
Melee: War axe           |    84 |    93 ||   177
       Bite              |    16 |    31 ||    47
  Use: Potion            |     1 |       ||     1
  Eat: Chunk             |     2 |     3 ||     5
Armor: Scale mail        |    37 |    33 ||    70
Dodge: Dodged            |    24 |    35 ||    59
Block: Shield            |    39 |    47 ||    86
